cohdb
Replays
Latest Replays
All Replays
Popular Replays
Top Player Replays
Match Explorer
How It Works
Community
CoH3 Stats
Reddit
Sign in to upload your games and track your stats! →
Sign in with Steam
Match 44187104
Unlisted
Match 44187104
Overview
Messages
Build Orders
End
Panzergrenadier Squad
Selects Panzerjäger Kommand Battlegroup
Selects Mine Fields
250 Light Carrier
Panzergrenadier Squad
Construct Light Support Kompanie
Combat Half-tracks
Panzergrenadier Squad
Selects GrB 39 Grenade Launcher Requisition
Selects Tank Busters
Construct Mechanized Kompanie
koko z
Starman
RunningWithFate
Onoyk
0
0
Comments
sign in to comment!
No comments posted yet!